Map: 瑟拉斯废墟

Players

iGJim

  • Race: Protoss Protoss
  • League: Master

iGXY

  • Race: Protoss Protoss
  • League: Master

三族统领随机娜 (XY)

  • Race: Terran Terran
  • League: Master

iGRushcrazy

  • Race: Terran Terran
  • League: Master

Event: GPL 2015 - Grand Finals

VOD

Have the link to the VOD?

Description

Time

  • Played on: Jan. 22, 2016, 4:30 a.m.
  • Length: 8:42

All games in this series

Show
View Real Time Build Order
Export as new Build Order

iGJim Protoss 

Build Orders: 1 Gate Expand 

Get SALT Encoding   

  12  0:00  Probe (Chrono Boost)  
  13  0:11  Probe (Chrono Boost)  
  14  0:17  Pylon  
  14  0:22  Probe (Chrono Boost)  
  15  0:36  Probe (Chrono Boost)  
  15  0:37  Gateway  
  16  0:46  Probe (Chrono Boost)  
  16  0:48  Assimilator  
  18  0:57  Probe (Chrono Boost)  
  18  1:07  Probe (Chrono Boost)  
  19  1:18  Probe (Chrono Boost)  
  20  1:25  Nexus  
  20  1:34  Cybernetics Core  
  20  1:37  Probe (Chrono Boost)  
  21  1:43  Assimilator  
  21  1:47  Probe (Chrono Boost)  
  21  1:52  Pylon  
  22  1:58  Probe (Chrono Boost)  
  23  2:11  Warp Gate, Probe (Chrono Boost), Adept (Chrono Boost)  
  26  2:22  Probe (Chrono Boost)  
  27  2:24  Twilight Council  
  27  2:34  Probe (Chrono Boost)  
  28  2:37  Probe (Chrono Boost)  
  29  2:45  Probe (Chrono Boost)  
  29  2:46  Robotics Facility  
  29  2:49  Probe (Chrono Boost)  
  31  2:53  Resonating Glaives (Chrono Boost)  
  31  2:55  Probe (Chrono Boost)  
  32  2:58  Probe (Chrono Boost)  
  32  3:04  Adept  
  35  3:07  Probe  
  35  3:08  Probe  
  37  3:19  Probe x2  
  38  3:21  Pylon  
  39  3:30  Probe  
  39  3:31  Probe  
  39  3:33  Warp Prism (Chrono Boost)  
  43  3:35  Adept  
  45  3:43  Mothership Core, Probe  
  48  3:50  Pylon  
  48  3:55  Gateway  
  48  3:57  Gateway  
  48  4:00  Gateway  
  48  4:04  Probe x2  
  50  4:13  Observer (Chrono Boost)  
  50  4:14  Pylon  
  50  4:16  Pylon  
  51  4:18  Probe x2  
  49  4:31  Observer (Chrono Boost)  
  49  4:34  Probe x2 (Chrono Boost)  
  50  4:45  Probe (Chrono Boost)  
  51  4:48  Assimilator, Probe (Chrono Boost)  
  51  4:49  Pylon  
  51  4:52  Assimilator  
  52  4:56  Probe (Chrono Boost)  
  54  5:00  Probe (Chrono Boost)  
  54  5:02  Adept x4  
  54  5:06  Probe (Chrono Boost)  
  61  5:12  Blink  
  58  5:14  Probe (Chrono Boost)  
  58  5:17  Nexus  
  58  5:19  Pylon, Probe (Chrono Boost)  
  59  5:21  Observer  
  61  5:28  Probe (Chrono Boost)  
  61  5:29  Probe (Chrono Boost)  
  62  5:40  Stalker x3  
  68  5:44  Stalker  
  68  5:49  Probe (Chrono Boost)  
  71  5:51  Probe (Chrono Boost)  
  71  5:56  Immortal (Chrono Boost)  
  76  6:00  Probe  
  76  6:03  Probe  
  78  6:06  Sentry, Stalker  
  78  6:09  Stalker  
  83  6:12  Probe  
  83  6:15  Probe  
  85  6:26  Gateway  
  85  6:31  Immortal (Chrono Boost)  
  85  6:32  Gateway  
  89  6:34  Probe  
  89  6:36  Probe  
  89  6:37  Probe  
  90  6:43  Stalker  
  90  6:45  Stalker  
  90  6:46  Probe  
  93  6:49  Probe  
  93  6:50  Probe  
  96  6:57  Probe  
  96  7:00  Gateway  
  96  7:01  Probe  
  98  7:04  Gateway  
  98  7:07  Probe  
  99  7:09  Probe  
  99  7:13  Probe  
  101  7:15  Adept  
  101  7:16  Adept x2  
  101  7:20  Probe  
  101  7:22  Probe  
  109  7:32  Gateway  
  109  7:34  Gateway  
  109  7:36  Pylon  
  103  7:46  Pylon  
  103  7:48  Pylon  
  102  8:06  Stalker x6  
  102  8:09  Adept  
  102  8:10  Adept  
  114  8:31  Stalker x4  
  114  8:32  Stalker, Adept x3  
Show
View Real Time Build Order
Export as new Build Order

iGXY Protoss 

Build Orders:  

Get SALT Encoding   

  12  0:00  SCV  
  13  0:12  SCV  
  14  0:17  Supply Depot  
  14  0:24  SCV  
  15  0:39  SCV  
  15  0:40  Barracks  
  16  0:45  Refinery  
  16  0:51  SCV  
  17  1:03  SCV  
  18  1:15  SCV  
  19  1:27  Orbital Command  
  19  1:29  Barracks Reactor  
  19  1:41  Command Center  
  19  1:53  SCV  
  20  2:05  SCV, Factory  
  20  2:06  Marine  
  23  2:11  Supply Depot  
  22  2:17  SCV  
  23  2:33  SCV, Marine x2  
  23  2:34  Refinery  
  25  2:45  SCV  
  25  2:50  Starport, Marine x2  
  28  2:51  Widow Mine  
  28  2:57  SCV  
  31  3:00  Orbital Command  
  31  3:08  Marine x2  
  31  3:09  SCV  
  34  3:24  SCV  
  34  3:26  SCV  
  30  3:27  Medivac, Widow Mine  
  36  3:29  Marine x2  
  42  3:34  Supply Depot  
  42  3:36  SCV  
  42  3:38  SCV  
  44  3:47  Marine x2  
  46  3:56  SCV x2  
  46  3:58  Factory Tech Lab  
  46  4:00  Supply Depot  
  48  4:05  Marine x2  
  48  4:08  SCV  
  52  4:16  Command Center  
  52  4:17  Cyclone  
  52  4:23  SCV x2, Marine x2  
  58  4:35  SCV  
  58  4:37  SCV, Supply Depot  
  58  4:41  Marine x2  
  59  4:47  SCV  
  59  4:49  SCV  
  58  4:55  Siege Tank  
  58  4:59  Barracks x2, SCV  
  62  5:01  SCV  
  62  5:04  Starport Tech Lab  
  58  5:11  SCV  
  58  5:14  SCV  
  57  5:22  Engineering Bay, Supply Depot  
  57  5:23  SCV  
  57  5:26  SCV, Marine  
  60  5:35  SCV, Orbital Command  
  60  5:38  SCV  
  60  5:42  Raven  
  63  5:48  SCV  
  63  5:49  Barracks Tech Lab  
  64  5:50  SCV, Barracks Tech Lab  
  65  6:00  SCV  
  65  6:01  Orbital Command  
  65  6:02  SCV  
  67  6:09  Marine x2  
  67  6:10  Marauder  
  67  6:11  Marauder  
  73  6:12  SCV  
  73  6:13  Terran Infantry Weapons Level 1  
  73  6:17  Barracks  
  74  6:19  Barracks  
  74  6:22  Refinery x2  
  74  6:23  SCV  
  74  6:25  SCV  
  69  6:35  SCV  
  69  6:38  SCV  
  71  6:41  SCV  
  71  6:44  Missile Turret  
  71  6:45  Missile Turret  
  71  6:46  Missile Turret  
  72  6:48  SCV  
  72  6:51  SCV  
  72  6:53  SCV  
  73  7:00  SCV  
  72  7:03  SCV  
  72  7:05  SCV, Marauder x2  
  72  7:08  Barracks Tech Lab, Barracks Reactor, Marine x2  
  75  7:13  SCV  
  75  7:15  SCV  
  79  7:17  SCV  
  79  7:19  Siege Tank  
  83  7:23  Combat Shields  
  83  7:26  SCV, Marauder  
  83  7:27  SCV, Starport Reactor  
  83  7:29  SCV  
  87  7:37  Marine x2, Marauder x2  
  87  7:38  SCV  
  87  7:39  SCV  
  87  7:41  SCV  
  92  7:46  Supply Depot x2  
  92  7:53  SCV  
  92  7:55  SCV  
  91  8:01  Marauder x2  
  91  8:02  Marine  
  93  8:07  Marine x3  
  93  8:08  Marauder  
  93  8:11  Supply Depot  
  93  8:12  SCV, Supply Depot, Medivac x2  
  103  8:19  Marine  
  98  8:23  SCV  
Show
View Real Time Build Order
Export as new Build Order

三族统领随机娜 Terran 

Build Orders:  

Get SALT Encoding   

Show
View Real Time Build Order
Export as new Build Order

iGRushcrazy Terran 

Build Orders:  

Get SALT Encoding   

Tags
 
Add a new tag
Caveats
  • Supply blocks, unpowered buildings, or Contaminate may cause inaccurate times.
  • Supply counts are checked every 10 seconds.